 Dungeon Crawl Stone Soup version 0.28.0-53-g5a82cb258f (webtiles) character file.

Game seed: 15249200602302922828

47 psihypo the Covered (level 3, -1/29 HPs)
             Began as a Human Fighter on Aug 1, 2022.
             Slain by a black bear (3 damage)
             ... on level 2 of the Dungeon.
             The game lasted 00:06:52 (914 turns).

psihypo the Covered (Human Fighter)                  Turns: 914, Time: 00:06:53

Health: -1/29      AC:  6    Str: 18    XL:     3   Next: 97%
Magic:  3/3        EV:  9    Int:  8    God:
Gold:   81         SH:  4    Dex: 12    Spells: 2/2 levels left

rFire   . . .      SeeInvis .   a - +0 trident
rCold   . . .      Faith    .   c - +0 buckler
rNeg    . . .      Spirit   .   b - +0 scale mail
rPois   .          Reflect  .   (no helmet)
rElec   .          Harm     .   (no cloak)
rCorr   .          Rampage  .   (no gloves)
Will    .....                   (no boots)
Stlth   ..........              (no amulet)
HPRegen 0.09/turn               (no ring)
MPRegen 0.08/turn               (no ring)

@: no status effects
A: no striking features
a: no special abilities


You were on level 2 of the Dungeon.
You visited 1 branch of the dungeon, and saw 2 of its levels.

You collected 81 gold pieces.

Inventory:

Hand Weapons
 a - a +0 trident (weapon)
Armour
 b - a +0 scale mail (worn)
 c - a +0 buckler (worn)
Scrolls
 e - 2 scrolls of teleportation {unknown}
 f - a scroll of summoning {unknown}
 h - a scroll of noise {unknown}
 i - 2 scrolls of identify {unknown}
 j - a scroll of amnesia {unknown}
Potions
 d - a potion of might
 g - a potion of lignification {unknown}
 k - a potion of attraction {unknown}


   Skills:
 + Level 3.2 Fighting
 + Level 2.9 Polearms
 + Level 3.3 Armour
 + Level 0.4 Dodging
 + Level 0.1 Stealth
 + Level 3.2 Shields


You had 2 spell levels left.
You didn't know any spells.
Your spell library was empty.

Dungeon Overview and Level Annotations

Branches:
Dungeon (2/15)

Altars:

Shops:
D:1 (


Message History

The endoplasm quivers.
There is an open door here.
You barely miss the black bear. The black bear barely misses you.
The black bear claws you.
The black bear claws you but does no damage.
The black bear bites you but does no damage.
The black bear claws you. x2
You hit the black bear.
The black bear is moderately wounded.
You block the endoplasm's attack. The black bear misses you.
The black bear claws you but does no damage.
The black bear barely misses you.
You closely miss the black bear.
The black bear is moderately wounded.
The endoplasm hits you but does no damage.
You block the black bear's attack.
The black bear claws you but does no damage.
The black bear claws you.
You hit the black bear.
The black bear is moderately wounded.
You block the endoplasm's attack. The black bear bites you.
The black bear closely misses you. The black bear claws you.
You hit the black bear.
The black bear is heavily wounded.
The endoplasm freezes you.
You are frozen.
* * * LOW HITPOINT WARNING * * *
The black bear barely misses you. The black bear claws you.
* * * LOW HITPOINT WARNING * * *
The black bear claws you but does no damage.
The endoplasm hits you but does no damage.
You block the black bear's attack. The black bear barely misses you.
The black bear claws you.
* * * LOW HITPOINT WARNING * * *
You hit the endoplasm.
The endoplasm is heavily wounded.
The endoplasm closely misses you.
The black bear bites you but does no damage.
The black bear claws you.
You die...

####### .......
....... ############
.......
#..........###.......
#............@J......
#...........##h......
#...........# .......
#..........## .......
#...........# ..#...#
#...........# ###...#
#...........# ...
####........# ##
##........#


You could see a black bear and an endoplasm.

Vanquished Creatures
  An adder (D:2)
  A worm (D:2)
  A dart slug (D:1)
  4 endoplasms
  3 giant cockroaches
  3 goblins
  4 jackals (D:1)
  2 quokkas (D:1)
  A bat (D:1)
  3 frilled lizards
  2 kobolds
  7 rats (D:1)
32 creatures vanquished.

Vanquished Creatures (others)
  A plant (D:1)
1 creature vanquished.

Grand Total: 33 creatures vanquished

Notes
Turn   | Place    | Note
-------+----------+-------------------------------------------
     0 | D:1      | psihypo the Human Fighter began the quest for the Orb.
     0 | D:1      | Reached XP level 1. HP: 18/18 MP: 1/1
   183 | D:1      | Reached XP level 2. HP: 23/24 MP: 2/2
   404 | D:1      | Reached XP level 3. HP: 29/29 MP: 3/3
   406 | D:1      | Found Foegini's Weapon Shop.
   907 | D:2      | Noticed a black bear
   914 | D:2      | Slain by a black bear

Illustrated notes

Levels and vault maps discovered:
D:1:      lightli_arrival_statuegarden, layout_rooms, serial_shops,
          nicolae_shop_bloodbath_and_beyond, chequers_serial_rivers_micro_c
D:2:      minmay_roachtagon, layout_basic,
          hellmonk_ecumenical_altar_defaced_shrine

Action                   || total
-------------------------++-------
Melee: Trident           ||   105
  Use: Potion            ||     1
Armor: Scale mail        ||    58
Dodge: Dodged            ||    54
Block: Buckler           ||    28
